 Dungeon Crawl Stone Soup version 0.21.1-1-g345015fe64 (webtiles) character file.

134 Kohma the Sneak (level 5, -3/27 HPs)
             Began as a Vine Stalker Assassin on July 12, 2018.
             Slain by a river rat (7 damage)
             ... in a sewer.
             The game lasted 00:08:24 (2325 turns).

Kohma the Sneak (Vine Stalker Assassin)             Turns: 2325, Time: 00:08:26

Health: -3/27      AC:  7    Str: 13    XL:     5   Next: 17%
Magic:  0/6        EV: 11    Int: 12    God:
Gold:   79         SH:  0    Dex: 16    Spells: 4/4 levels left

rFire    . . .     SeeInvis .   a - +2 dagger
rCold    . . .     Gourm    .   (no shield)
rNeg     . . .     Faith    .   h - +0 ring mail
rPois    .         Spirit   +   (no helmet)
rElec    .         Reflect  .   n - +1 cloak {MR+}
rCorr    .         Harm     .   (no gloves)
MR       +....                  (no boots)
Stlth    ++........             (no amulet)
HPRegen  0.49/turn              (no ring)
MPRegen  0.10/turn              (no ring)

@: no status effects
A: fangs 2, regeneration 1, magic shield, antimagic bite, no potion heal 3, rot
immunity
a: no special abilities


You were in a sewer.
You were hungry.

You visited 1 branch of the dungeon, and saw 3 of its levels.
You also visited: Sewer.

You collected 79 gold pieces.

Inventory:

Hand Weapons
 a - a +2 dagger (weapon)
 b - a +0 blowgun
Missiles
 e - 5 poisoned needles
 f - 2 curare-tipped needles {!f}
 l - 3 needles of sleeping {!f}
 m - 5 javelins (quivered)
Armour
 h - a +0 ring mail (worn)
 n - a +1 cloak of magic resistance (worn)
Scrolls
 i - a scroll of amnesia {unknown}
 k - 3 scrolls of identify {unknown}
 q - 2 scrolls of remove curse {unknown}
 s - a scroll of immolation {unknown}
Potions
 d - 2 potions of agility {unknown}
 j - a potion of haste {unknown}
 o - 2 potions of heal wounds {unknown}
 p - a potion of resistance {unknown}
 r - 2 potions of curing {unknown}
Comestibles
 c - 3 chunks of flesh
 g - 2 rations


   Skills:
 + Level 2.3 Fighting
 * Level 2.9 Short Blades
 * Level 2.9 Throwing
 + Level 1.6 Dodging
 + Level 5.3 Stealth


You had 4 spell levels left.
You didn't know any spells.

Dungeon Overview and Level Annotations

Branches:
Dungeon (3/15)

Altars:


Innate Abilities, Weirdness & Mutations

You have extremely sharp teeth.
Your natural rate of healing is unusually fast.
When hurt, damage is shared between your health and your magic reserves.
Your bite disrupts and absorbs the magic of your enemies.
Potions cannot restore your health.
You are immune to rotting.


Message History

The river rat bites you. The rat barely misses you.
The river rat barely misses you. x2; The river rat closely misses you.
You barely miss the rat.
The river rat bites you but does no damage.
The rat twitches its whiskers.
The rat barely misses you.
The river rat bites you but does no damage.
The river rat closely misses you.
You hit the rat.
You kill the rat!
The river rat twitches its whiskers.
The river rat bites you. The river rat bites you!
* * * LOW HITPOINT WARNING * * *
You see here a rat corpse.
The helpless rat fails to defend itself.
You impale the rat!!
You kill the rat!
The river rat bites you but does no damage.
The river rat bites you!
You die...

≈≈≈≈≈≈≈...## ....
≈≈≈≈≈≈.....# ....
≈≈≈≈≈≈.....# #..#
≈≈≈≈≈.≈....# #..##
≈≈≈≈≈.....##
#...##≈≈≈≈≈.....#
##....#≈≈≈≈≈≈.÷.##
##......≈≈≈≈≈....###
#..@rr.≈≈≈≈≈≈...###∩
#.†#rrr.≈≈≈≈≈≈..###.
#r.###r≈≈≈≈≈≈≈...#..
#..###†r≈≈≈≈≈≈.....#
#...#r.r≈≈≈≈≈≈.....#
##..rrr.≈≈≈≈≈.....##
#......≈≈≈≈......##
##.....≈≈≈≈.......#
#.....≈≈≈≈........


You could see 5 river rats and 3 rats.

Vanquished Creatures
  A river rat (Sewer)
  4 adders (D:2)
  A worm (D:3)
  A dart slug (D:1)
  3 leopard geckos
  An orc (D:3)
  4 ball pythons (Sewer)
  10 giant cockroaches
  6 goblins
  7 hobgoblins
  13 kobolds
  8 bats
  3 frilled lizards (D:1)
  18 rats
80 creatures vanquished.

Notes
Turn   | Place    | Note
-------+----------+-------------------------------------------
     0 | D:1      | Kohma the Vine Stalker Assassin began the quest for the Orb.
     0 | D:1      | Reached XP level 1. HP: 11/11 MP: 2/2
   200 | D:1      | Reached XP level 2. HP: 15/15 MP: 1/3
   204 | D:1      | Reached skill level 1 in Dodging
   381 | D:1      | Reached skill level 5 in Stealth
   657 | D:1      | Reached XP level 3. HP: 14/18 MP: 2/4
  1249 | D:2      | Gained mutation: Your natural rate of healing is unusually fast. [Vine Stalker growth]
  1249 | D:2      | Reached XP level 4. HP: 23/23 MP: 5/5
  2058 | D:3      | Found a glowing drain.
  2077 | Sewer    | Entered a sewer
  2190 | Sewer    | Reached XP level 5. HP: 22/27 MP: 3/6
  2325 | Sewer    | Slain by a river rat

Skill      XL: |  1  2 |
---------------+-------+-----
Throwing       | 2 |  2.9
Short Blades   | 2 |  2.9
Dodging        | 1 |  1.6
Fighting       | 2 |  2.3
Stealth        | 5 |  5.3

Action                   |  1- 3 |  4- 6 || total
-------------------------+-------+-------++-------
Melee: Dagger            |    53 |   133 ||   186
       Bite              |     8 |    37 ||    45
 Fire: Blowgun           |    17 |     5 ||    22
Throw: Javelin           |    13 |     5 ||    18
 Stab: Sleeping          |     8 |     3 ||    11
  Eat: Chunk             |     1 |     3 ||     4
Armor: Robe              |    17 |     4 ||    21
       Ring mail         |       |    79 ||    79
Dodge: Dodged            |    54 |   149 ||   203
